 Dungeon Crawl Stone Soup version 0.30.0-5-g1a98f26d00 (webtiles) character file.

Game seed: 714204977425786072

128 croobank the Magician (level 4, -2/32 HPs)
             Began as a Demonspawn Hedge Wizard on May 9, 2023.
             Slain by a hell rat (15 damage)
             ... in a sewer.
             The game lasted 00:11:19 (3603 turns).

croobank the Magician (Demonspawn Hedge Wizard)     Turns: 3603, Time: 00:11:20

Health: -2/32      AC:  2    Str: 10    XL:     4   Next: 87%
Magic:  2/9        EV: 12    Int: 18    God:
Gold:   67         SH:  0    Dex: 12    Spells: 4/9 levels left

rFire   . . .        a - +0 dagger
rCold   . . .        (no shield)
rNeg    . . .        b - +0 robe
rPois   .            c - +0 hat
rElec   .            (no cloak)
rCorr   .            (no gloves)
SInv    .            (no boots)
Will    .....        (no amulet)
Stlth   ++           (no ring)
HPRegen 0.25/turn    (no ring)
MPRegen 0.11/turn

%: no passive effects
@: very slightly contaminated
A: antennae 1, sturdy frame 1
a: no special abilities


You were in a sewer.
You visited 1 branch of the dungeon, and saw 3 of its levels.
You also visited: Sewer.

You collected 67 gold pieces.

Inventory:

Hand Weapons
 a - a +0 dagger (weapon)
 e - a +0 short sword
 o - a +0 hand axe
Missiles
 u - 8 poisoned darts
Armour
 b - a +0 robe (worn)
 c - a +0 hat (worn)
 f - an orb of guile
 r - a +0 leather armour
 v - a +0 buckler
Jewellery
 g - a ring of fire
Scrolls
 k - a scroll of magic mapping
Potions
 d - 2 potions of magic
 i - 3 potions of haste
 j - a potion of might
 l - a potion of lignification {unknown}
 m - 3 potions of curing {unknown}
 n - a potion of mutation {unknown}
 p - a potion of degeneration {unknown}
 t - a potion of berserk rage {unknown}
 x - a potion of attraction {unknown}


   Skills:
 + Level 1.5 Fighting
 + Level 2.4 Dodging
 + Level 2.6 Stealth
 + Level 3.4 Spellcasting
 + Level 2.0 Conjurations
 - Level 1.5 Summonings
 - Level 1.3 Translocations


You had 4 spell levels left.
You knew the following spells:

 Your Spells              Type           Power      Damage    Failure   Level
a - Magic Dart            Conj           40%        1d5       7%          1
b - Poisonous Vapours     Pois/Air       6%         N/A       24%         2
c - Blink                 Tloc           14%        N/A       14%         2

Your spell library contained the following spells:

 Spells                   Type           Power      Damage    Failure   Level
 Call Imp                 Summ           16%        N/A       12%         2
 Lesser Beckoning         Tloc           14%        N/A       14%         2
 Slow                     Hex            12%        N/A       16%         1
 Sting                    Tmut/Pois      12%        1d3       16%         1
 Cigotuvi's Dreadful Rot  Necr/Pois/Air  6%         N/A       24%         2
 Sublimation of Blood     Necr           3%         N/A       24%         2
 Wereblood                Tmut           3%         N/A       24%         2
 Gell's Gravitas          Tloc           7%         N/A       26%         3
 Teleport Other           Tloc           7%         N/A       26%         3
 Mephitic Cloud           Conj/Pois/Air  5%         N/A       34%         3
 Olgreb's Toxic Radiance  Pois           3%         N/A       83%         4
 Summon Hydra             Summ           4%         N/A       100%        7


Dungeon Overview and Level Annotations

Branches:
Dungeon (3/15)              Sewer (1/1)

Altars:
Ru


Innate Abilities, Weirdness & Mutations

You have a pair of small antennae on your head.
Your movements are slightly less encumbered by armour. (ER -2)


Message History

You miscast Poisonous Vapours.
You are very lightly contaminated with residual magic.
Nothing appears to happen.
Casting: Poisonous Vapours (dangerous; 24% risk of failure)
Confirm with . or Enter, or press ? or * to list all spells.
Aiming: Poisonous Vapours (dangerous; 24% risk of failure)
Press: ? - help, Dir - move target, f/p - hell rat
Aim: a hell rat Poisonous vapours surround the hell rat!
The hell rat is poisoned.
Casting: Poisonous Vapours (dangerous; 24% risk of failure)
Confirm with . or Enter, or press ? or * to list all spells.
Aiming: Poisonous Vapours (dangerous; 24% risk of failure)
Press: ? - help, Dir - move target, f/p - hell rat
Aim: a hell rat (poisoned) Poisonous vapours surround the hell rat!
The hell rat looks even sicker.
Casting: Poisonous Vapours (dangerous; 24% risk of failure)
Confirm with . or Enter, or press ? or * to list all spells.
Aiming: Poisonous Vapours (dangerous; 24% risk of failure)
Press: ? - help, Dir - move target, f/p - hell rat
Aim: a hell rat (lightly wounded, very poisoned)
You miscast Poisonous Vapours.
Nothing appears to happen.
The hell rat bites you.
You hit the hell rat but do no damage.
The hell rat is lightly wounded.
The hell rat bites you. The hell rat bites you!
You hit the hell rat but do no damage.
The hell rat is moderately wounded.
The hell rat barely misses you.
You hit the hell rat but do no damage.
The hell rat is moderately wounded.
The hell rat barely misses you.
You hit the hell rat but do no damage.
The hell rat is moderately wounded.
The hell rat barely misses you.
You hit the hell rat but do no damage.
The hell rat is heavily wounded.
The hell rat bites you!
You die...

#########
###~~.~.†.###
###.~~~~@~.~~~###
#...~.##r##~.~~.#
##~..###.~~###~.~##
#~.†## ~~~~~ ##~~~#
#†~~# .~~~~~. #~..#
#.~~##~!!!!?~##.~.#
##~~~###!∩(###÷~~##
#..~~.#####~~.~~#
###~....∩..~~.###


You could see a hell rat (poisoned).

Vanquished Creatures
  5 adders
  2 river rats (Sewer)
  2 worms (D:3)
  3 endoplasms
  8 giant cockroaches
  4 goblins
  5 hobgoblins
  6 kobolds
  7 quokkas
  3 ball pythons
  3 bats
  3 frilled lizards
  8 rats
59 creatures vanquished.

Notes
Turn   | Place    | Note
-------+----------+-------------------------------------------
     0 | D:1      | croobank the Demonspawn Hedge Wizard began the quest for
                  | the Orb.
     0 | D:1      | Reached XP level 1. HP: 13/13 MP: 4/4
   180 | D:1      | Reached skill level 1 in Translocations
   278 | D:1      | Gained mutation: You have a pair of small antennae on your
                  | head. [demonic ancestry]
   278 | D:1      | Reached XP level 2. HP: 3/19 MP: 1/6
  1190 | D:2      | Found a sacrificial altar of Ru.
  1408 | D:2      | Gained mutation: Your movements are slightly less
                  | encumbered by armour. (ER -2) [demonic ancestry]
  1408 | D:2      | Reached XP level 3. HP: 18/25 MP: 7/7
  1923 | D:2      | Learned a level 2 spell: Blink
  2039 | D:2      | Reached skill level 1 in Fighting
  2039 | D:2      | Reached XP level 4. HP: 32/32 MP: 0/8
  2109 | D:2      | Learned a level 2 spell: Poisonous Vapours
  2465 | D:2      | Found a faded altar of an unknown god.
  3206 | D:3      | Found a glowing drain.
  3334 | Sewer    | Entered a sewer
  3603 | Sewer    | Slain by a hell rat

Illustrated notes

Levels and vault maps discovered:
D:1:      sevenhm_arrival_forest_fort_large_4, layout_loops_cross,
          minmay_ruptured
D:2:      layout_loops_cross, basic_altar, shapermc_ecumenical_altar_flowoftime,
          minmay_worlds_worst_comb
D:3:      layout_loops_corners, kennysheep_okawaru_gauntlet,
          portal_sewer_entry_f, serial_bayou, serial_bayou_lagoon_a,
          serial_bayou_pond_d, serial_bayou_pond_a, serial_bayou_pond_b
Sewer:    sewer_hellmonk_bad_rat

Skill      XL: |  1  2  3  4 |
---------------+-------------+-----
Stealth        | 2 |  2.6
Translocations | 1 |  1.3
Dodging        | 2 |  2.4
Fighting       | 1 |  1.5
Conjurations   | 2 |  2.0
Spellcasting   | |  3.4
Summonings     | |  1.5

Action                     |  1- 3 |  4- 6 || total
---------------------------+-------+-------++-------
  Melee: Dagger            |    33 |    61 ||    94
         Punch             |       |     1 ||     1
   Cast: Magic Dart        |    94 |    29 ||   123
         Poisonous Vapours |       |    25 ||    25
         Blink             |       |     2 ||     2
    Use: Scroll            |     1 |     6 ||     7
   Stab: Sleeping          |     2 |     2 ||     4
 Armour: Robe              |    10 |     7 ||    17
  Dodge: Dodged            |    26 |    39 ||    65
